 Dungeon Crawl Stone Soup version 0.29.1-12-g30fa7ad0bf (webtiles) character file.

Game seed: 6683725805762568003

83 Radix the Sneak (level 4, -6/27 HPs)
             Began as a Vampire Brigand on Dec 15, 2022.
             Killed by divine providence
             ... invoked by an orc priest
              (13 damage)
             ... on level 2 of the Dungeon.
             The game lasted 00:06:59 (1621 turns).

Radix the Sneak (Vampire Brigand)                   Turns: 1621, Time: 00:06:59

Health: -6/27      AC:  3    Str: 10    XL:     4   Next: 22%
Magic:  4/4        EV: 12    Int: 13    God:
Gold:   104        SH:  0    Dex: 17    Spells: 3/3 levels left

rFire   . . .      SeeInvis +   h - +1 dagger (speed)
rCold   + + .      Faith    .   (no shield)
rNeg    + + +      Spirit   .   b - +0 robe
rPois   ∞          Reflect  .   (no helmet)
rElec   .          Harm     .   c - +0 cloak
rCorr   .          Rampage  .   (no gloves)
Will    .....                   (no boots)
Stlth   ++++++....              (no amulet)
HPRegen 0.00/turn               (no ring)
MPRegen 0.09/turn               (no ring)

@: bloodless, inhibited regen
A: bloodless, fangs 3, see invisible, vampiric 2
a: Bat Form, Revivify


You were on level 2 of the Dungeon.
You visited 1 branch of the dungeon, and saw 2 of its levels.

You collected 104 gold pieces.

Inventory:

Hand Weapons
 a - a +2 dagger
 h - a +1 dagger of speed (weapon)
Missiles
 d - 9 poisoned darts (quivered)
 e - 3 curare-tipped darts
 g - 2 atropa-tipped darts
Armour
 b - a +0 robe (worn)
 c - a +0 cloak (worn)
Jewellery
 j - a ring of ice
Scrolls
 f - a scroll of immolation {unknown}
Potions
 i - 2 potions of curing {unknown}


   Skills:
 + Level 2.5 Fighting
 + Level 3.1 Short Blades
 - Level 1.5 Throwing
 + Level 2.3 Dodging
 + Level 6.6 Stealth


You had 3 spell levels left.
You didn't know any spells.
Your spell library was empty.

Dungeon Overview and Level Annotations

Branches:
Dungeon (2/15)

Altars:


Innate Abilities, Weirdness & Mutations

You do not regenerate when monsters are visible.
You are frail without blood (-20% HP).
You can heal yourself when you bite living creatures.
You are immune to poison.
You have razor-sharp teeth.
You have supernaturally acute eyesight. (SInv)
You are afflicted with vampirism and can become a bat while bloodless.


Message History

You hit the endoplasm.
The endoplasm is moderately wounded.
The endoplasm freezes you.
You are frozen.
You resist.
You hit the endoplasm.
You kill the endoplasm!
A goblin comes into view. It is wielding a +0 dagger.
The helpless goblin fails to defend itself.
You bite the goblin, and draw its blood!
You stick the goblin like a pincushion!!!
You kill the goblin!
Things that are here:
a +0 dagger; a goblin corpse The orc priest calls down the wrath of Beogh upon you.
Beogh smites you!
Ouch! That really hurt!
You hit the orc priest.
The orc priest is lightly wounded.
The orc priest misses you.
You hit the orc priest.
The orc priest is moderately wounded.
You barely miss the orc priest.
The orc priest is moderately wounded.
The orc priest hits you with a +0 club.
* * * LOW HITPOINT WARNING * * *
You barely miss the orc priest. Your bite misses the orc priest.
The orc priest is moderately wounded.
You hit the orc priest. Your bite misses the orc priest.
The orc priest is heavily wounded.
The orc priest barely misses you.
You hit the orc priest but do no damage.
The orc priest is heavily wounded.
You hit the orc priest.
The orc priest is heavily wounded.
The orc priest barely misses you.
You hit the orc priest.
The orc priest is severely wounded.
The orc priest invokes the aid of Beogh against you.
Beogh smites you!
You die...

# ...... . ......
# #....'
....########
#.........#
#.........#
#.o.......#
#.@.......#
#....)....#
#.........+
#.........# ####
#.#.....### #.....
#.#.....#
###.....##.#.....#
.............#'###
..........#.#.#


You could see an orc priest.

Vanquished Creatures
  An orc wizard (D:1)
  An adder (D:2)
  A worm (D:2)
  A dart slug (D:1)
  An orc (D:2)
  6 bats (D:1)
  7 endoplasms
  4 goblins
  3 hobgoblins
  3 ball pythons
  2 frilled lizards (D:1)
  6 kobolds
  6 rats
42 creatures vanquished.

Notes
Turn   | Place    | Note
-------+----------+-------------------------------------------
     0 | D:1      | Radix the Vampire Brigand began the quest for the Orb.
     0 | D:1      | Reached XP level 1. HP: 16/16 MP: 1/1
    83 | D:1      | Reached skill level 6 in Stealth
   123 | D:1      | Reached XP level 2. HP: 17/17 MP: 2/2
   291 | D:1      | Found a faded altar of an unknown god.
   586 | D:1      | Gained mutation: You are afflicted with vampirism and can
                  | become a bat while bloodless. [Vampire growth]
   586 | D:1      | Reached XP level 3. HP: 20/21 MP: 3/3
  1116 | D:2      | Reached XP level 4. HP: 19/27 MP: 4/4
  1621 | D:2      | Killed from afar by an orc priest

Illustrated notes

Levels and vault maps discovered:
D:1:      dpeg_arrival_orchard, layout_basic,
          chequers_ecumenical_altar_simple_redux
D:2:      layout_basic

Skill      XL: |  1  2  3 |
---------------+----------+-----
Stealth        | 6 |  6.6
Fighting       | 2 |  2.5
Short Blades   | 3 |  3.1
Dodging        | 2 |  2.3
Throwing       | |  1.5

Action                   |  1- 3 |  4- 6 || total
-------------------------+-------+-------++-------
Melee: Dagger            |    86 |    28 ||   114
       Bite              |     3 |     3 ||     6
 Abil: Exsanguinate      |     1 |       ||     1
 Stab: Sleeping          |    14 |     4 ||    18
Armor: Robe              |    18 |     1 ||    19
Dodge: Dodged            |    40 |     4 ||    44
